AoeStats
← Cuervo

QS Arena

503751587Analyzed
3v3 RM · 29d ago on Sep 2, 2026· 28m 52s· 6 players
Game mode
Random Map
Map size
Normal (6 player)
Population
200
Speed
Normal
Resources
Standard
Victory
Conquest
Starting age
Dark Age
Ending age
Imperial Age
RankedLock teamsTeams togetherTeam positionsShared explorationLock speedFull tech treeHidden civsTurbo modeCheats
Victory
Defeat
🇺🇸 Aztecs · United States
1042
+17
🇨🇱 Romans · Chile
1023
+18
🇨🇱 Cumans · Chile
1023
+18
🇦🇷 Huns · Argentina
1090
-19
🇨🇱 Hindustanis · Chile
1070
-18
🇦🇷 Koreans · Argentina
1028
-16
actions speak loudr than wololoo
8:18 Feudal Age
12:46 Castle Age
10:44 Horse Collar
11:16 Double-Bit Axe
15:32 Gold Mining
17:13 Redemption
22:34 Wheelbarrow
24:34 Scale Mail Armor
24:44 Forging
26:08 Pikeman
29:02 Squires
29:20 Chain Mail Armor
diego02041989
8:03 Feudal Age
8:32 Double-Bit Axe
13:08 Wheelbarrow
20:15 Castle Age
18:28 Horse Collar
21:16 Bow Saw
20:49 Capped Ram
22:32 Heavy Plow
23:38 Hand Cart
29:10 Imperial Age
27:32 Forging
27:27 Scale Barding Armor
29:11 Bloodlines
Paquesito
8:02 Feudal Age
8:56 Double-Bit Axe
9:14 Man-at-Arms
9:44 Horse Collar
13:38 Forging
13:28 Scale Mail Armor
14:58 Scale Mail Armor
16:01 Fletching
17:02 Gold Mining
23:12 Castle Age
23:16 Long Swordsman
24:32 Iron Casting
24:12 Chain Mail Armor
24:09 Heavy Plow
24:20 Bow Saw
24:16 Squires
25:48 Stone Mining
26:33 Gold Shaft Mining
28:02 Wheelbarrow
27:53 Scale Barding Armor
29:24 Hand Cart
29:39 Masonry
Cuervo
8:32 Feudal Age
13:20 Castle Age
14:07 Loom
14:23 Double-Bit Axe
20:46 Scale Mail Armor
21:04 Crossbowman
22:37 Gold Mining
25:03 Fletching
26:34 Wheelbarrow
26:35 Stone Mining
Zamba
8:34 Feudal Age
10:08 Double-Bit Axe
13:07 Castle Age
11:01 Horse Collar
22:20 Scale Barding Armor
VZ | Thyrfing
10:17 Feudal Age
11:03 Loom
14:03 Castle Age
12:28 Double-Bit Axe
12:39 Horse Collar
22:07 Imperial Age
Connection lost

Rejoining the realm…

Still unreachable

The connection could not be restored.

Session expired

The server has moved on; the page needs a fresh start.